[ AOE2 MATCH · #492319329 ]
UnrankedPersians vs Mongols
[ REPLAY ANALYSIS · EXTRACTED FROM THE RECORDED GAME ]
Feudal
10:25
Castle
14:03
Imperial
27:16
| APM avg | 41.8 |
| APM peak | 94 |
| eAPM avg | 20.8 |
| Villagers / military | 224 / 296 |
Focus
⚔️ 32.0% · 🌾 68.0%
Knight ×230 · Spearman ×63 · Trebuchet (Packed) ×3
Feudal
10:38
Castle
14:33
Imperial
29:39
| APM avg | 29.2 |
| APM peak | 61 |
| eAPM avg | 14.2 |
| Villagers / military | 119 / 140 |
Focus
⚔️ 37.1% · 🌾 62.9%
Camel Scout ×136 · Monk ×2 · Trebuchet (Packed) ×2
Feudal
11:49
Castle
16:35
Imperial
35:29
| APM avg | 31.5 |
| APM peak | 115 |
| eAPM avg | 12.7 |
| Villagers / military | 95 / 105 |
Focus
⚔️ 30.3% · 🌾 69.7%
Tarkan ×64 · Cavalry Archer ×41
Feudal
10:33
Castle
16:33
Imperial
41:26
| APM avg | 23.8 |
| APM peak | 46 |
| eAPM avg | 16.1 |
| Villagers / military | 140 / 105 |
Focus
⚔️ 27.1% · 🌾 72.9%
Magyar Huszar ×63 · Knight ×38 · Mangonel ×3 · Spearman ×1
Feudal
10:14
Castle
14:04
Imperial
34:59
| APM avg | 33.3 |
| APM peak | 71 |
| eAPM avg | 19.9 |
| Villagers / military | 123 / 265 |
Focus
⚔️ 47.4% · 🌾 52.6%
Spearman ×155 · Longbowman ×91 · Trebuchet (Packed) ×13 · Battering Ram ×4 · Mangonel ×2
Feudal
9:41
Castle
13:14
Imperial
—
| APM avg | 90.1 |
| APM peak | 191 |
| eAPM avg | 61.8 |
| Villagers / military | 82 / 97 |
Focus
⚔️ 75.4% · 🌾 24.6%
Scorpion ×50 · Battering Ram ×47
Feudal
10:58
Castle
14:57
Imperial
—
| APM avg | 47.4 |
| APM peak | 98 |
| eAPM avg | 27.7 |
| Villagers / military | 138 / 31 |
Focus
⚔️ 19.5% · 🌾 80.5%
Genoese Crossbowman ×15 · Archer ×8 · Mangonel ×7 · Spearman ×1
Feudal
11:01
Castle
14:43
Imperial
44:11
| APM avg | 44.6 |
| APM peak | 101 |
| eAPM avg | 23.3 |
| Villagers / military | 103 / 141 |
Focus
⚔️ 36.1% · 🌾 63.9%
Samurai ×141
Match map
Initial resources + every placement click. Lines = walls · curves = elevation contours. ◆ gold · ⬟ stone · ● berries · ✦ relic · ◌ wall gap
Your base· ✓ Closed at 14:03 · 0t walls · 3 gate(s)
Wolf Slayer's base· ✓ Closed at 14:33 · 0t walls · 3 gate(s)
FAILEDFEMBOY's base· ✓ Closed at 16:35 · 0t walls · 2 gate(s)
daxbordeaux's base· ✓ Closed at 16:33 · 0t walls · 2 gate(s)
Felida's base· ✓ Closed at 14:04 · 0t walls · 2 gate(s)
VIT | Hera's base· ✓ Closed at 13:14 · 4t walls · 3 gate(s)
raffaele_520's base· ✓ Closed at 14:57 · 0t walls · 3 gate(s)
YamatoCannon's base· ✓ Closed at 14:43 · 0t walls · 2 gate(s)
Smoothed initial terrain · ◌ = detected wall gap · hover for details
Inputs per minute
— Vpnenjoyer - - Wolf Slayer
Build order — Vpnenjoyer
First 150 of 472 actions detected
| 0:01 | Create | Villager (Male) |
| 0:02 | Create | Villager (Male) |
| 0:04 | Build | House |
| 0:05 | Build | House |
| 0:22 | Create | Villager (Male) |
| 0:38 | Create | Villager (Male) |
| 0:45 | Create | Villager (Male) |
| 1:51 | Create | Villager (Male) |
| 2:06 | Create | Villager (Male) |
| 2:14 | Build | Lumber Camp |
| 2:36 | Create | Villager (Male) |
| 2:41 | Create | Villager (Male) |
| 2:51 | Build | House |
| 2:54 | Build | House |
| 2:58 | Create | Villager (Male) |
| 3:33 | Create | Villager (Male) |
| 3:38 | Create | Villager (Male) |
| 4:04 | Build | House |
| 4:08 | Create | Villager (Male) |
| 4:39 | Create | Villager (Male) |
| 5:18 | Create | Villager (Male) |
| 5:19 | Create | Villager (Male) |
| 5:46 | Build | Mill |
| 5:48 | Create | Villager (Male) |
| 5:49 | Create | Villager (Male) |
| 6:16 | Create | Villager (Male) |
| 6:48 | Build | Farm |
| 7:05 | Create | Villager (Male) |
| 7:12 | Create | Villager (Male) |
| 7:22 | Build | Farm |
| 7:36 | Create | Villager (Male) |
| 8:01 | Build | Mining Camp |
| 8:08 | Research | Feudal Age |
| 8:27 | Build | Farm |
| 8:47 | Build | Farm |
| 10:00 | Create | Villager (Male) |
| 10:01 | Create | Villager (Male) |
| 10:25 | Age | Feudal Age |
| 10:27 | Build | Market |
| 11:07 | Build | Blacksmith |
| 11:10 | Create | Villager (Male) |
| 11:24 | Create | Villager (Male) |
| 11:38 | Research | Castle Age |
| 11:38 | Research | Castle Age |
| 11:59 | Research | Double-Bit Axe |
| 11:59 | Research | Double-Bit Axe |
| 12:10 | Research | Horse Collar |
| 12:10 | Research | Horse Collar |
| 12:23 | Build | House |
| 12:28 | Build | House |
| 13:56 | Build | House |
| 14:01 | Create | Villager (Male) |
| 14:01 | Create | Villager (Male) |
| 14:03 | Age | Castle Age |
| 14:09 | Build | Town Center |
| 14:30 | Build | Town Center |
| 14:33 | Create | Villager (Male) |
| 14:45 | Build | House |
| 14:55 | Research | Bow Saw |
| 14:58 | Build | House |
| 15:00 | Create | Villager (Male) |
| 15:19 | Build | Farm |
| 15:22 | Create | Villager (Male) |
| 15:34 | Create | Villager (Male) |
| 15:40 | Build | House |
| 15:41 | Create | Villager (Male) |
| 15:45 | Build | Farm |
| 15:47 | Build | Farm |
| 15:52 | Create | Villager (Male) ×5 |
| 15:52 | Create | Villager (Male) ×5 |
| 15:59 | Build | House |
| 16:00 | Build | House |
| 16:07 | Build | Farm |
| 16:08 | Build | Farm |
| 16:19 | Build | Farm |
| 16:27 | Build | Farm |
| 16:29 | Build | Farm |
| 16:34 | Build | Farm |
| 16:37 | Create | Villager (Male) |
| 16:37 | Create | Villager (Male) |
| 16:43 | Build | Farm |
| 16:46 | Build | Farm |
| 16:49 | Create | Villager (Male) |
| 16:49 | Create | Villager (Male) |
| 16:49 | Create | Villager (Male) |
| 16:54 | Build | Farm |
| 17:01 | Build | Farm |
| 17:06 | Create | Villager (Male) |
| 17:06 | Create | Villager (Male) |
| 17:14 | Build | House |
| 17:15 | Build | House |
| 17:26 | Build | Farm |
| 17:27 | Build | Farm |
| 17:29 | Build | Farm |
| 17:32 | Create | Villager (Male) ×2 |
| 17:32 | Create | Villager (Male) ×2 |
| 17:33 | Research | Loom |
| 17:33 | Research | Loom |
| 17:40 | Build | Farm |
| 17:43 | Build | Farm |
| 17:46 | Create | Villager (Male) |
| 17:47 | Create | Villager (Male) |
| 17:51 | Build | Farm |
| 17:52 | Build | Farm |
| 17:56 | Create | Villager (Male) |
| 17:56 | Create | Villager (Male) |
| 18:03 | Build | Farm |
| 18:05 | Build | Farm |
| 18:07 | Build | Farm |
| 18:11 | Create | Villager (Male) ×2 |
| 18:11 | Create | Villager (Male) ×2 |
| 18:16 | Build | House |
| 18:20 | Build | House |
| 18:22 | Create | Villager (Male) |
| 18:22 | Create | Villager (Male) |
| 18:29 | Build | Farm |
| 18:36 | Create | Villager (Male) ×2 |
| 18:36 | Create | Villager (Male) ×2 |
| 18:41 | Build | Farm |
| 18:46 | Build | Farm |
| 18:47 | Create | Villager (Male) |
| 18:47 | Create | Villager (Male) |
| 18:50 | Create | Villager (Male) |
| 18:51 | Create | Villager (Male) |
| 18:56 | Create | Villager (Male) |
| 18:57 | Create | Villager (Male) |
| 19:08 | Build | Town Center |
| 19:14 | Create | Villager (Male) ×2 |
| 19:14 | Create | Villager (Male) ×2 |
| 19:14 | Create | Villager (Male) |
| 19:18 | Build | House |
| 19:27 | Create | Villager (Male) |
| 19:27 | Create | Villager (Male) |
| 19:35 | Build | Farm |
| 19:38 | Build | Farm |
| 19:41 | Create | Villager (Male) ×3 |
| 19:41 | Create | Villager (Male) ×3 |
| 19:42 | Create | Villager (Male) |
| 19:42 | Create | Villager (Male) |
| 19:46 | Build | House |
| 19:47 | Build | House |
| 20:05 | Research | Wheelbarrow |
| 20:05 | Research | Wheelbarrow |
| 20:09 | Create | Villager (Male) |
| 20:09 | Create | Villager (Male) |
| 20:16 | Build | Farm |
| 20:17 | Build | Farm |
| 20:18 | Build | Farm |
| 20:21 | Create | Villager (Male) |
| 20:21 | Create | Villager (Male) |
Build order — Wolf Slayer
First 150 of 390 actions detected
| 0:05 | Create | Villager (Male) |
| 0:05 | Create | Villager (Male) |
| 0:06 | Create | Villager (Male) |
| 0:06 | Create | Villager (Male) |
| 0:07 | Build | House |
| 0:09 | Build | House |
| 0:10 | Build | House |
| 1:30 | Create | Villager (Male) |
| 2:01 | Create | Villager (Male) |
| 2:10 | Build | Lumber Camp |
| 2:30 | Create | Villager (Male) |
| 3:03 | Create | Villager (Male) |
| 3:03 | Create | Villager (Male) |
| 3:04 | Create | Villager (Male) |
| 3:37 | Create | Villager (Male) |
| 3:37 | Create | Villager (Male) |
| 4:10 | Create | Villager (Male) |
| 4:11 | Create | Villager (Male) |
| 4:23 | Build | Mill |
| 4:35 | Create | Villager (Male) |
| 4:56 | Create | Villager (Male) |
| 5:18 | Create | Villager (Male) |
| 5:18 | Create | Villager (Male) |
| 5:18 | Create | Villager (Male) |
| 5:47 | Create | Villager (Male) |
| 5:48 | Create | Villager (Male) |
| 5:48 | Create | Villager (Male) |
| 6:03 | Build | House |
| 6:04 | Build | House |
| 6:13 | Create | Villager (Male) |
| 6:27 | Build | Lumber Camp |
| 6:32 | Create | Villager (Male) |
| 6:47 | Create | Villager (Male) |
| 6:56 | Create | Villager (Male) |
| 7:08 | Create | Villager (Male) |
| 7:41 | Build | Farm |
| 8:08 | Build | Mining Camp |
| 8:16 | Research | Feudal Age |
| 10:15 | Build | House |
| 10:28 | Create | Villager (Male) |
| 10:37 | Create | Villager (Male) |
| 10:37 | Create | Villager (Male) |
| 10:38 | Age | Feudal Age |
| 10:44 | Build | Market |
| 10:49 | Build | Blacksmith |
| 10:57 | Research | Double-Bit Axe |
| 11:49 | Research | Castle Age |
| 12:23 | Research | Horse Collar |
| 12:41 | Build | Lumber Camp |
| 13:11 | Build | Farm |
| 13:11 | Build | Farm |
| 13:14 | Build | Farm |
| 14:32 | Create | Villager (Male) |
| 14:32 | Create | Villager (Male) |
| 14:32 | Create | Villager (Male) |
| 14:33 | Age | Castle Age |
| 14:37 | Research | Bow Saw |
| 14:37 | Research | Bow Saw |
| 14:45 | Build | Town Center |
| 14:50 | Build | Monastery |
| 14:52 | Create | Villager (Male) |
| 15:02 | Build | Farm |
| 15:10 | Create | Villager (Male) |
| 15:16 | Build | Town Center |
| 15:19 | Build | Farm |
| 15:42 | Build | Farm |
| 15:55 | Build | Farm |
| 15:58 | Create | Villager (Male) |
| 16:08 | Create | Villager (Male) |
| 16:16 | Create | Villager (Male) |
| 16:16 | Create | Villager (Male) |
| 16:37 | Build | Farm |
| 16:41 | Build | Farm |
| 16:44 | Create | Villager (Male) |
| 16:45 | Create | Villager (Male) |
| 16:50 | Build | Farm |
| 16:51 | Build | Farm |
| 16:51 | Build | Farm |
| 17:03 | Build | Farm |
| 17:19 | Create | Villager (Male) |
| 17:20 | Create | Villager (Male) |
| 17:24 | Create | Villager (Male) |
| 17:46 | Build | Farm |
| 17:47 | Build | Farm |
| 17:49 | Build | Farm |
| 17:53 | Build | House |
| 17:54 | Build | House |
| 17:55 | Create | Monk |
| 17:59 | Build | House |
| 18:00 | Build | House |
| 18:03 | Create | Villager (Male) |
| 18:03 | Create | Villager (Male) |
| 18:03 | Create | Villager (Male) |
| 18:29 | Build | Town Center |
| 18:34 | Create | Villager (Male) |
| 18:36 | Create | Villager (Male) |
| 18:37 | Create | Villager (Male) |
| 18:40 | Build | Farm |
| 18:44 | Build | Farm |
| 18:48 | Build | House |
| 19:00 | Research | Wheelbarrow |
| 19:00 | Research | Wheelbarrow |
| 19:11 | Build | Farm |
| 19:12 | Create | Villager (Male) |
| 19:16 | Build | Farm |
| 19:29 | Create | Villager (Male) |
| 19:31 | Create | Villager (Male) |
| 19:57 | Create | Villager (Male) |
| 19:57 | Create | Villager (Male) |
| 19:58 | Create | Villager (Male) |
| 20:01 | Create | Villager (Male) |
| 20:08 | Build | Mining Camp |
| 20:30 | Create | Villager (Male) |
| 20:31 | Create | Villager (Male) |
| 20:32 | Create | Villager (Male) |
| 20:32 | Create | Villager (Male) |
| 20:36 | Build | Mill |
| 20:37 | Build | Farm |
| 20:38 | Build | Farm |
| 20:39 | Build | Farm |
| 20:44 | Create | Monk |
| 21:09 | Create | Villager (Male) |
| 21:09 | Create | Villager (Male) |
| 21:10 | Create | Villager (Male) |
| 21:11 | Create | Villager (Male) |
| 21:16 | Build | Mining Camp |
| 21:40 | Create | Villager (Male) |
| 21:41 | Create | Villager (Male) |
| 21:42 | Create | Villager (Male) |
| 21:42 | Create | Villager (Male) |
| 22:04 | Create | Villager (Male) |
| 22:04 | Create | Villager (Male) |
| 22:05 | Create | Villager (Male) |
| 22:05 | Create | Villager (Male) |
| 22:05 | Create | Villager (Male) |
| 22:09 | Build | Farm |
| 22:10 | Build | Farm |
| 22:17 | Build | House |
| 22:19 | Build | House |
| 22:19 | Build | House |
| 22:29 | Build | House |
| 22:31 | Build | House |
| 22:32 | Build | House |
| 22:48 | Create | Villager (Male) |
| 22:48 | Create | Villager (Male) |
| 22:49 | Create | Villager (Male) |
| 22:50 | Create | Villager (Male) |
| 22:50 | Create | Villager (Male) |
| 22:52 | Create | Villager (Male) |
| 23:02 | Build | Castle |
Build order — FAILEDFEMBOY
First 150 of 241 actions detected
| 0:01 | Create | Villager (Male) |
| 0:01 | Create | Villager (Male) |
| 0:02 | Create | Villager (Male) |
| 0:02 | Create | Villager (Male) |
| 0:02 | Create | Villager (Male) |
| 1:18 | Create | Villager (Male) |
| 1:18 | Create | Villager (Male) |
| 1:47 | Build | Lumber Camp |
| 1:50 | Create | Villager (Male) |
| 1:50 | Create | Villager (Male) |
| 2:16 | Create | Villager (Male) |
| 2:16 | Create | Villager (Male) |
| 2:59 | Create | Villager (Male) |
| 3:00 | Create | Villager (Male) |
| 3:16 | Create | Villager (Male) |
| 3:17 | Create | Villager (Male) |
| 3:53 | Create | Villager (Male) |
| 3:53 | Create | Villager (Male) |
| 4:39 | Create | Villager (Male) |
| 4:39 | Create | Villager (Male) |
| 4:39 | Create | Villager (Male) |
| 5:12 | Create | Villager (Male) |
| 5:12 | Create | Villager (Male) |
| 5:13 | Create | Villager (Male) |
| 5:13 | Create | Villager (Male) |
| 5:27 | Create | Villager (Male) |
| 5:27 | Create | Villager (Male) |
| 5:33 | Build | Mill |
| 5:56 | Create | Villager (Male) |
| 5:56 | Create | Villager (Male) |
| 6:47 | Create | Villager (Male) |
| 6:47 | Create | Villager (Male) |
| 6:48 | Create | Villager (Male) |
| 7:07 | Create | Villager (Male) |
| 7:07 | Create | Villager (Male) |
| 7:07 | Create | Villager (Male) |
| 7:07 | Create | Villager (Male) |
| 8:43 | Create | Villager (Male) |
| 8:44 | Create | Villager (Male) |
| 8:44 | Create | Villager (Male) |
| 8:45 | Create | Villager (Male) |
| 8:45 | Create | Villager (Male) |
| 9:03 | Build | Mining Camp |
| 9:33 | Research | Feudal Age |
| 10:05 | Create | Villager (Male) |
| 10:05 | Create | Villager (Male) |
| 10:07 | Research | Loom |
| 11:00 | Build | Farm |
| 11:05 | Build | Farm |
| 11:49 | Age | Feudal Age |
| 11:58 | Build | Farm |
| 12:04 | Build | Market |
| 12:14 | Build | Barracks |
| 12:23 | Build | Farm |
| 12:24 | Build | Farm |
| 12:24 | Build | Farm |
| 12:24 | Build | Farm |
| 12:24 | Build | Farm |
| 12:24 | Build | Farm |
| 12:52 | Build | Mining Camp |
| 13:31 | Build | Blacksmith |
| 13:48 | Research | Wheelbarrow |
| 13:53 | Research | Castle Age |
| 14:00 | Research | Double-Bit Axe |
| 14:04 | Research | Horse Collar |
| 14:04 | Research | Horse Collar |
| 16:35 | Age | Castle Age |
| 16:36 | Create | Villager (Male) |
| 16:36 | Create | Villager (Male) |
| 16:37 | Create | Villager (Male) |
| 16:37 | Create | Villager (Male) |
| 16:37 | Create | Villager (Male) |
| 16:42 | Research | Bow Saw |
| 16:59 | Research | Heavy Plow |
| 17:06 | Build | Farm |
| 17:31 | Build | Farm |
| 17:38 | Create | Villager (Male) |
| 17:56 | Build | Farm |
| 18:22 | Build | Farm |
| 18:36 | Build | Castle |
| 18:40 | Create | Villager (Male) |
| 18:40 | Create | Villager (Male) |
| 18:58 | Build | Farm |
| 19:14 | Research | Wheelbarrow |
| 19:16 | Create | Villager (Male) |
| 19:21 | Build | Farm |
| 19:22 | Create | Villager (Male) |
| 19:22 | Create | Villager (Male) |
| 19:46 | Build | Farm |
| 19:55 | Build | Mining Camp |
| 20:00 | Research | Forging |
| 20:05 | Create | Villager (Male) |
| 20:22 | Build | Barracks |
| 20:27 | Create | Villager (Male) |
| 20:42 | Create | Tarkan |
| 20:43 | Create | Tarkan |
| 20:43 | Create | Tarkan |
| 20:43 | Create | Tarkan |
| 20:43 | Create | Tarkan |
| 21:09 | Research | Scale Barding Armor |
| 21:09 | Research | Scale Barding Armor |
| 21:16 | Build | Stable |
| 21:20 | Create | Tarkan |
| 21:43 | Create | Tarkan |
| 21:44 | Create | Tarkan |
| 21:44 | Create | Tarkan |
| 22:02 | Build | Farm |
| 22:03 | Build | Farm |
| 22:03 | Build | Farm |
| 22:03 | Build | Farm |
| 22:06 | Create | Tarkan |
| 22:06 | Create | Tarkan |
| 22:07 | Create | Tarkan |
| 22:25 | Create | Tarkan |
| 22:27 | Create | Villager (Male) |
| 22:27 | Create | Villager (Male) |
| 22:28 | Create | Villager (Male) |
| 22:48 | Build | Mill |
| 22:54 | Research | Husbandry |
| 22:54 | Research | Husbandry |
| 22:54 | Research | Husbandry |
| 23:02 | Create | Villager (Male) |
| 23:32 | Create | Villager (Male) |
| 23:32 | Create | Villager (Male) |
| 23:32 | Create | Villager (Male) |
| 23:40 | Build | Farm |
| 23:40 | Build | Farm |
| 23:40 | Build | Farm |
| 23:40 | Build | Farm |
| 23:48 | Research | Bloodlines |
| 23:48 | Research | Bloodlines |
| 23:48 | Research | Bloodlines |
| 24:14 | Create | Tarkan |
| 24:15 | Create | Tarkan |
| 24:15 | Create | Tarkan |
| 24:18 | Create | Villager (Male) |
| 24:19 | Create | Villager (Male) |
| 24:19 | Create | Villager (Male) |
| 24:26 | Build | Farm |
| 24:30 | Build | Farm |
| 24:40 | Create | Tarkan |
| 24:41 | Create | Tarkan |
| 24:41 | Create | Tarkan |
| 24:41 | Create | Tarkan |
| 25:03 | Research | Iron Casting |
| 25:04 | Research | Iron Casting |
| 25:04 | Research | Iron Casting |
| 25:12 | Build | Farm |
| 25:15 | Build | Farm |
| 25:16 | Create | Villager (Male) |
Build order — daxbordeaux
First 150 of 409 actions detected
| 0:00 | Create | Villager (Male) |
| 0:01 | Create | Villager (Male) |
| 0:02 | Build | House |
| 0:03 | Build | House |
| 0:04 | Create | Villager (Male) |
| 0:04 | Create | Villager (Male) |
| 0:04 | Create | Villager (Male) |
| 1:24 | Create | Villager (Male) |
| 1:24 | Create | Villager (Male) |
| 1:49 | Build | Lumber Camp |
| 1:52 | Create | Villager (Male) |
| 2:23 | Create | Villager (Male) |
| 2:58 | Create | Villager (Male) |
| 3:14 | Create | Villager (Male) |
| 3:14 | Create | Villager (Male) |
| 3:44 | Create | Villager (Male) |
| 3:45 | Create | Villager (Male) |
| 3:52 | Build | House |
| 3:54 | Build | House |
| 4:25 | Create | Villager (Male) |
| 4:25 | Create | Villager (Male) |
| 4:54 | Build | Mill |
| 4:56 | Create | Villager (Male) |
| 5:41 | Create | Villager (Male) |
| 5:42 | Create | Villager (Male) |
| 6:11 | Create | Villager (Male) |
| 6:11 | Create | Villager (Male) |
| 7:11 | Create | Villager (Male) |
| 7:16 | Build | House |
| 7:17 | Build | House |
| 7:18 | Build | House |
| 7:19 | Build | House |
| 7:34 | Create | Villager (Male) |
| 8:11 | Research | Feudal Age |
| 8:29 | Build | Mining Camp |
| 9:06 | Research | Loom |
| 9:47 | Build | Farm |
| 9:50 | Build | Farm |
| 9:53 | Create | Villager (Male) |
| 9:54 | Create | Villager (Male) |
| 10:33 | Age | Feudal Age |
| 10:34 | Research | Double-Bit Axe |
| 10:40 | Build | Market |
| 10:43 | Build | Blacksmith |
| 10:48 | Research | Horse Collar |
| 11:01 | Create | Villager (Male) |
| 11:59 | Create | Villager (Male) |
| 12:19 | Create | Villager (Male) |
| 12:51 | Build | Mining Camp |
| 12:53 | Create | Villager (Male) |
| 12:53 | Create | Villager (Male) |
| 13:17 | Research | Castle Age |
| 13:41 | Build | Farm |
| 13:43 | Build | Farm |
| 13:46 | Build | Farm |
| 13:49 | Build | Farm |
| 13:50 | Build | Farm |
| 13:52 | Build | Farm |
| 14:16 | Research | Stone Mining |
| 14:25 | Research | Gold Mining |
| 14:57 | Build | Farm |
| 14:59 | Build | Farm |
| 15:01 | Create | Villager (Male) |
| 15:02 | Create | Villager (Male) |
| 16:33 | Age | Castle Age |
| 16:35 | Create | Villager (Male) |
| 16:49 | Build | Town Center |
| 17:02 | Create | Villager (Male) |
| 17:09 | Build | Town Center |
| 17:14 | Research | Wheelbarrow |
| 17:15 | Create | Villager (Male) |
| 17:16 | Create | Villager (Male) |
| 17:17 | Create | Villager (Male) |
| 18:02 | Create | Villager (Male) |
| 18:18 | Create | Villager (Male) |
| 18:18 | Create | Villager (Male) |
| 18:37 | Build | Farm |
| 18:37 | Build | Farm |
| 18:38 | Build | Farm |
| 18:38 | Build | Farm |
| 18:38 | Build | Farm |
| 18:52 | Build | Barracks |
| 19:03 | Create | Villager (Male) |
| 19:22 | Create | Villager (Male) |
| 19:22 | Create | Villager (Male) |
| 19:23 | Create | Villager (Male) |
| 19:23 | Create | Villager (Male) |
| 19:32 | Build | Siege Workshop |
| 19:40 | Build | Farm |
| 19:55 | Create | Villager (Male) |
| 19:56 | Create | Villager (Male) |
| 20:04 | Create | Spearman |
| 20:16 | Build | Gate |
| 20:18 | Create | Mangonel |
| 20:47 | Create | Mangonel |
| 21:07 | Create | Mangonel |
| 21:44 | Build | Castle |
| 22:15 | Build | Stable |
| 22:16 | Build | Stable |
| 22:28 | Create | Magyar Huszar |
| 22:31 | Build | Farm |
| 22:58 | Create | Knight |
| 22:58 | Create | Knight |
| 22:58 | Create | Knight |
| 23:22 | Create | Magyar Huszar |
| 23:22 | Create | Magyar Huszar |
| 23:23 | Create | Knight |
| 23:23 | Create | Knight |
| 23:23 | Create | Knight |
| 23:56 | Build | Siege Workshop |
| 24:38 | Create | Villager (Male) |
| 24:38 | Create | Villager (Male) |
| 24:38 | Create | Villager (Male) |
| 25:05 | Create | Villager (Male) |
| 25:05 | Create | Villager (Male) |
| 26:01 | Create | Villager (Male) |
| 26:01 | Create | Villager (Male) |
| 26:01 | Create | Villager (Male) |
| 26:17 | Build | Town Center |
| 26:28 | Create | Villager (Male) |
| 26:52 | Create | Villager (Male) |
| 27:02 | Build | Stone Wall |
| 27:08 | Create | Villager (Male) |
| 27:08 | Create | Villager (Male) |
| 27:22 | Create | Villager (Male) |
| 27:32 | Create | Villager (Male) |
| 27:55 | Create | Villager (Male) |
| 27:56 | Create | Villager (Male) |
| 28:02 | Build | Farm |
| 28:06 | Build | Farm |
| 28:06 | Build | Farm |
| 28:07 | Build | Farm |
| 28:07 | Build | Farm |
| 28:07 | Build | Farm |
| 28:07 | Build | Farm |
| 28:08 | Build | Farm |
| 28:12 | Create | Villager (Male) |
| 28:36 | Build | Gate |
| 28:40 | Create | Villager (Male) |
| 28:41 | Create | Villager (Male) |
| 28:41 | Create | Villager (Male) |
| 29:23 | Create | Villager (Male) |
| 29:24 | Create | Villager (Male) |
| 29:24 | Create | Villager (Male) |
| 29:24 | Create | Villager (Male) |
| 29:25 | Create | Villager (Male) |
| 29:25 | Create | Villager (Male) |
| 29:31 | Build | Farm |
| 29:31 | Build | Farm |
| 29:31 | Build | Farm |
Build order — Felida
First 150 of 494 actions detected
| 0:01 | Create | Villager (Male) |
| 0:02 | Create | Villager (Male) |
| 0:02 | Create | Villager (Male) |
| 0:02 | Create | Villager (Male) |
| 0:04 | Build | House |
| 0:05 | Build | House |
| 1:22 | Create | Villager (Male) |
| 1:44 | Create | Villager (Male) |
| 1:55 | Build | Lumber Camp |
| 2:10 | Create | Villager (Male) |
| 2:36 | Create | Villager (Male) |
| 2:38 | Create | Villager (Male) |
| 3:31 | Create | Villager (Male) |
| 3:53 | Create | Villager (Male) |
| 3:57 | Build | House |
| 4:28 | Create | Villager (Male) |
| 4:51 | Create | Villager (Male) |
| 5:08 | Build | Mill |
| 5:24 | Create | Villager (Male) |
| 5:52 | Build | House |
| 5:56 | Create | Villager (Male) |
| 6:21 | Create | Villager (Male) |
| 6:49 | Create | Villager (Male) |
| 6:51 | Create | Villager (Male) |
| 7:11 | Create | Villager (Male) |
| 7:57 | Build | Mining Camp |
| 8:01 | Research | Feudal Age |
| 10:14 | Age | Feudal Age |
| 10:23 | Create | Villager (Male) |
| 10:24 | Create | Villager (Male) |
| 10:27 | Build | Market |
| 10:29 | Build | Blacksmith |
| 10:49 | Build | Mining Camp |
| 11:06 | Research | Double-Bit Axe |
| 11:24 | Research | Castle Age |
| 12:29 | Research | Horse Collar |
| 12:35 | Build | Farm |
| 12:37 | Build | Farm |
| 12:38 | Build | Farm |
| 12:39 | Build | Farm |
| 13:08 | Build | House |
| 13:10 | Build | House |
| 14:04 | Age | Castle Age |
| 14:06 | Create | Villager (Male) |
| 14:07 | Create | Villager (Male) |
| 14:12 | Build | Town Center |
| 14:25 | Create | Villager (Male) |
| 14:25 | Create | Villager (Male) |
| 14:29 | Research | Loom |
| 14:33 | Build | Town Center |
| 14:46 | Build | Farm |
| 14:48 | Build | Farm |
| 15:24 | Create | Villager (Male) |
| 15:47 | Build | Farm |
| 15:48 | Build | Farm |
| 15:53 | Create | Villager (Male) |
| 15:53 | Create | Villager (Male) |
| 15:59 | Create | Villager (Male) |
| 16:00 | Create | Villager (Male) |
| 16:04 | Build | Farm |
| 16:13 | Create | Villager (Male) |
| 16:27 | Create | Villager (Male) |
| 16:33 | Build | Farm |
| 16:36 | Build | Farm |
| 16:39 | Create | Villager (Male) |
| 16:48 | Create | Villager (Male) |
| 16:52 | Build | Farm |
| 16:53 | Build | Farm |
| 17:18 | Create | Villager (Male) |
| 17:18 | Create | Villager (Male) |
| 17:28 | Create | Villager (Male) |
| 17:39 | Create | Villager (Male) |
| 17:49 | Build | Farm |
| 17:50 | Build | Farm |
| 17:58 | Build | Farm |
| 17:59 | Build | Farm |
| 18:15 | Research | Fletching |
| 18:15 | Create | Villager (Male) |
| 18:16 | Create | Villager (Male) |
| 18:16 | Create | Villager (Male) |
| 18:22 | Build | Farm |
| 18:25 | Build | House |
| 18:26 | Build | House |
| 18:29 | Create | Villager (Male) |
| 18:29 | Create | Villager (Male) |
| 18:30 | Create | Villager (Male) |
| 18:32 | Build | Farm |
| 18:49 | Create | Villager (Male) |
| 18:50 | Create | Villager (Male) |
| 18:57 | Create | Villager (Male) |
| 18:58 | Create | Villager (Male) |
| 19:02 | Build | Farm |
| 19:03 | Build | Farm |
| 19:05 | Create | Villager (Male) |
| 19:06 | Create | Villager (Male) |
| 19:18 | Build | Castle |
| 19:27 | Create | Villager (Male) |
| 19:28 | Create | Villager (Male) |
| 19:28 | Create | Villager (Male) |
| 19:28 | Create | Villager (Male) |
| 19:32 | Build | Farm |
| 19:33 | Build | Farm |
| 19:34 | Create | Villager (Male) |
| 19:34 | Create | Villager (Male) |
| 19:34 | Create | Villager (Male) |
| 19:51 | Create | Villager (Male) |
| 19:52 | Create | Villager (Male) |
| 20:03 | Create | Villager (Male) |
| 20:04 | Create | Villager (Male) |
| 20:04 | Create | Villager (Male) |
| 20:04 | Create | Villager (Male) |
| 20:21 | Research | Bow Saw |
| 20:22 | Research | Bow Saw |
| 20:27 | Build | House |
| 20:28 | Build | House |
| 20:44 | Create | Longbowman |
| 20:44 | Create | Longbowman |
| 20:46 | Create | Longbowman |
| 20:55 | Create | Villager (Male) |
| 20:55 | Create | Villager (Male) |
| 20:55 | Create | Villager (Male) |
| 21:10 | Build | Mining Camp |
| 21:17 | Create | Longbowman |
| 21:18 | Create | Longbowman |
| 21:20 | Research | Bodkin Arrow |
| 21:20 | Research | Padded Archer Armor |
| 21:21 | Create | Villager (Male) |
| 21:21 | Create | Villager (Male) |
| 21:26 | Build | Farm |
| 21:39 | Create | Villager (Male) |
| 21:40 | Create | Villager (Male) |
| 21:40 | Create | Villager (Male) |
| 21:44 | Create | Longbowman |
| 21:44 | Create | Longbowman |
| 22:10 | Build | University |
| 22:18 | Create | Villager (Male) |
| 22:18 | Create | Villager (Male) |
| 22:18 | Create | Villager (Male) |
| 22:18 | Create | Villager (Male) |
| 22:19 | Create | Villager (Male) |
| 22:24 | Research | Padded Archer Armor |
| 22:26 | Create | Longbowman |
| 22:26 | Create | Longbowman |
| 22:39 | Build | Siege Workshop |
| 22:48 | Create | Longbowman |
| 23:18 | Research | Leather Archer Armor |
| 23:35 | Create | Longbowman |
| 23:36 | Create | Longbowman |
| 23:36 | Create | Villager (Male) |
| 23:36 | Create | Villager (Male) |
Build order — VIT | Hera
First 150 of 261 actions detected
| 0:00 | Create | Villager (Male) |
| 0:01 | Create | Villager (Male) |
| 0:02 | Build | House |
| 0:02 | Build | House |
| 0:12 | Create | Villager (Male) |
| 0:12 | Create | Villager (Male) |
| 1:26 | Build | Lumber Camp |
| 1:29 | Create | Villager (Male) |
| 1:29 | Create | Villager (Male) |
| 2:00 | Create | Villager (Male) |
| 2:01 | Create | Villager (Male) |
| 2:20 | Create | Villager (Male) |
| 2:50 | Create | Villager (Male) |
| 2:50 | Create | Villager (Male) |
| 3:06 | Create | Villager (Male) |
| 3:06 | Create | Villager (Male) |
| 3:24 | Build | House |
| 3:31 | Create | Villager (Male) |
| 3:32 | Create | Villager (Male) |
| 3:41 | Create | Villager (Male) |
| 3:41 | Create | Villager (Male) |
| 3:53 | Build | House |
| 4:28 | Create | Villager (Male) |
| 4:33 | Create | Villager (Male) |
| 4:33 | Create | Villager (Male) |
| 4:45 | Create | Villager (Male) |
| 5:12 | Create | Villager (Male) |
| 5:55 | Build | Mill |
| 5:57 | Create | Villager (Male) |
| 5:58 | Create | Villager (Male) |
| 6:22 | Create | Villager (Male) |
| 6:22 | Create | Villager (Male) |
| 6:53 | Create | Villager (Male) |
| 7:31 | Research | Feudal Age |
| 7:32 | Research | Feudal Age |
| 8:08 | Build | Mining Camp |
| 9:14 | Create | Villager (Male) |
| 9:41 | Age | Feudal Age |
| 9:42 | Build | Blacksmith |
| 9:44 | Build | Market |
| 9:58 | Create | Villager (Male) |
| 10:34 | Research | Castle Age |
| 10:34 | Research | Castle Age |
| 12:34 | Build | House |
| 12:54 | Build | Palisade Wall |
| 12:55 | Build | Palisade Wall |
| 12:57 | Build | Palisade Wall |
| 12:58 | Build | Palisade Wall |
| 13:03 | Build | House |
| 13:09 | Create | Villager (Male) |
| 13:14 | Age | Castle Age |
| 13:17 | Research | Double-Bit Axe |
| 13:17 | Research | Double-Bit Axe |
| 13:23 | Build | Farm |
| 13:27 | Build | House |
| 13:36 | Create | Villager (Male) |
| 13:44 | Build | Siege Workshop |
| 13:51 | Build | Farm |
| 14:01 | Build | Siege Workshop |
| 14:05 | Create | Villager (Male) |
| 14:07 | Build | Farm |
| 14:31 | Create | Villager (Male) |
| 14:33 | Build | Farm |
| 14:33 | Build | Farm |
| 14:46 | Create | Villager (Male) |
| 14:56 | Build | Lumber Camp |
| 15:07 | Create | Villager (Male) |
| 15:20 | Create | Battering Ram |
| 15:23 | Build | House |
| 15:33 | Create | Villager (Male) |
| 15:34 | Create | Villager (Male) |
| 15:39 | Build | Farm |
| 15:42 | Create | Battering Ram |
| 15:43 | Create | Battering Ram |
| 15:52 | Build | House |
| 16:06 | Create | Battering Ram |
| 16:06 | Create | Battering Ram |
| 16:15 | Create | Villager (Male) |
| 16:18 | Build | Farm |
| 16:28 | Build | Siege Workshop |
| 16:40 | Create | Villager (Male) |
| 16:51 | Create | Villager (Male) |
| 16:53 | Research | Gold Mining |
| 16:53 | Research | Gold Mining |
| 16:53 | Research | Bow Saw |
| 16:55 | Research | Bow Saw |
| 16:56 | Research | Bow Saw |
| 16:57 | Create | Villager (Male) |
| 17:20 | Create | Battering Ram |
| 17:20 | Create | Battering Ram |
| 17:21 | Create | Battering Ram |
| 17:26 | Create | Battering Ram |
| 17:26 | Create | Battering Ram |
| 17:29 | Create | Villager (Male) |
| 17:29 | Create | Villager (Male) |
| 17:33 | Build | House |
| 17:52 | Create | Battering Ram |
| 17:52 | Create | Battering Ram |
| 18:06 | Create | Villager (Male) |
| 18:07 | Create | Villager (Male) |
| 18:07 | Create | Villager (Male) |
| 18:20 | Create | Battering Ram |
| 18:20 | Create | Battering Ram |
| 18:32 | Build | House |
| 18:33 | Create | Villager (Male) |
| 18:39 | Create | Battering Ram |
| 18:40 | Create | Battering Ram |
| 18:53 | Create | Villager (Male) |
| 18:53 | Create | Villager (Male) |
| 18:56 | Build | House |
| 18:56 | Build | House |
| 19:02 | Build | House |
| 19:02 | Build | House |
| 19:05 | Create | Battering Ram |
| 19:52 | Create | Battering Ram |
| 19:52 | Create | Battering Ram |
| 20:02 | Create | Villager (Male) |
| 20:08 | Create | Battering Ram |
| 20:09 | Create | Battering Ram |
| 20:43 | Create | Villager (Male) |
| 20:44 | Create | Battering Ram |
| 20:44 | Create | Battering Ram |
| 20:44 | Create | Battering Ram |
| 20:50 | Create | Villager (Male) |
| 20:51 | Create | Villager (Male) |
| 21:08 | Create | Battering Ram |
| 21:10 | Create | Villager (Male) |
| 21:10 | Create | Villager (Male) |
| 21:34 | Create | Battering Ram |
| 21:56 | Create | Battering Ram |
| 21:56 | Create | Battering Ram |
| 21:58 | Create | Villager (Male) |
| 22:04 | Build | Siege Workshop |
| 22:06 | Build | House |
| 22:06 | Build | House |
| 22:07 | Build | House |
| 22:14 | Build | House |
| 22:15 | Build | House |
| 22:15 | Build | House |
| 22:24 | Create | Villager (Male) |
| 22:25 | Create | Villager (Male) |
| 22:25 | Create | Villager (Male) |
| 22:29 | Research | Loom |
| 22:29 | Create | Scorpion |
| 22:30 | Create | Scorpion |
| 22:32 | Create | Scorpion |
| 22:53 | Create | Villager (Male) |
| 22:55 | Build | Farm |
| 22:59 | Create | Scorpion |
| 23:00 | Create | Scorpion |
Build order — raffaele_520
First 150 of 358 actions detected
| 0:02 | Create | Villager (Male) |
| 0:02 | Create | Villager (Male) |
| 0:02 | Create | Villager (Male) |
| 0:02 | Create | Villager (Male) |
| 0:03 | Build | House |
| 0:04 | Build | House |
| 1:36 | Create | Villager (Male) |
| 1:36 | Create | Villager (Male) |
| 1:56 | Create | Villager (Male) |
| 1:56 | Create | Villager (Male) |
| 2:00 | Build | Lumber Camp |
| 2:19 | Create | Villager (Male) |
| 2:50 | Create | Villager (Male) |
| 2:50 | Create | Villager (Male) |
| 3:08 | Create | Villager (Male) |
| 3:08 | Create | Villager (Male) |
| 3:34 | Create | Villager (Male) |
| 3:35 | Create | Villager (Male) |
| 3:51 | Build | Mill |
| 3:54 | Create | Villager (Male) |
| 3:55 | Create | Villager (Male) |
| 4:08 | Build | House |
| 4:37 | Create | Villager (Male) |
| 4:55 | Create | Villager (Male) |
| 5:05 | Create | Villager (Male) |
| 5:23 | Create | Villager (Male) |
| 5:45 | Create | Villager (Male) |
| 6:08 | Build | House |
| 6:21 | Create | Villager (Male) |
| 6:31 | Create | Villager (Male) |
| 6:56 | Create | Villager (Male) |
| 7:52 | Create | Villager (Male) |
| 8:11 | Create | Villager (Male) |
| 8:30 | Build | Mining Camp |
| 8:35 | Research | Feudal Age |
| 8:57 | Build | Farm |
| 8:59 | Build | Farm |
| 9:09 | Create | Villager (Male) |
| 9:09 | Create | Villager (Male) |
| 9:16 | Build | Barracks |
| 9:24 | Build | House |
| 9:30 | Build | Farm |
| 9:55 | Build | Mining Camp |
| 10:58 | Age | Feudal Age |
| 10:59 | Build | Market |
| 11:11 | Research | Loom |
| 11:41 | Build | Blacksmith |
| 11:46 | Create | Villager (Male) |
| 12:17 | Research | Castle Age |
| 12:17 | Research | Castle Age |
| 12:29 | Research | Double-Bit Axe |
| 12:36 | Research | Horse Collar |
| 12:59 | Create | Villager (Male) |
| 12:59 | Create | Villager (Male) |
| 13:02 | Research | Loom |
| 13:02 | Create | Villager (Male) |
| 13:02 | Create | Villager (Male) |
| 13:06 | Build | House |
| 13:08 | Build | House |
| 13:32 | Research | Fletching |
| 14:04 | Create | Spearman |
| 14:19 | Create | Villager (Male) |
| 14:44 | Build | Farm |
| 14:57 | Age | Castle Age |
| 15:17 | Build | Castle |
| 15:21 | Build | House |
| 15:30 | Build | House |
| 15:31 | Build | House |
| 15:32 | Build | House |
| 15:33 | Create | Villager (Male) |
| 15:40 | Build | Palisade Wall |
| 15:51 | Build | House |
| 15:56 | Create | Villager (Male) |
| 16:10 | Build | Siege Workshop |
| 16:35 | Research | Bow Saw |
| 16:45 | Create | Mangonel |
| 16:52 | Create | Genoese Crossbowman |
| 16:52 | Create | Genoese Crossbowman |
| 16:52 | Create | Genoese Crossbowman |
| 17:06 | Build | Lumber Camp |
| 17:17 | Build | House |
| 17:27 | Create | Villager (Male) |
| 17:27 | Create | Villager (Male) |
| 17:37 | Create | Genoese Crossbowman |
| 17:37 | Create | Genoese Crossbowman |
| 17:39 | Create | Villager (Male) |
| 17:50 | Create | Genoese Crossbowman |
| 18:10 | Create | Villager (Male) |
| 18:21 | Create | Genoese Crossbowman |
| 18:24 | Create | Villager (Male) |
| 18:37 | Create | Mangonel |
| 18:53 | Create | Genoese Crossbowman |
| 19:03 | Create | Villager (Male) |
| 19:08 | Build | Farm |
| 19:41 | Create | Villager (Male) |
| 19:44 | Build | Town Center |
| 19:50 | Build | Farm |
| 19:50 | Build | Farm |
| 19:51 | Build | Farm |
| 20:48 | Create | Villager (Male) |
| 20:48 | Create | Villager (Male) |
| 20:49 | Create | Villager (Male) |
| 20:57 | Create | Villager (Male) |
| 21:05 | Create | Mangonel |
| 21:11 | Build | Farm |
| 21:11 | Build | Farm |
| 21:11 | Build | Farm |
| 21:12 | Build | Farm |
| 21:21 | Create | Genoese Crossbowman |
| 21:21 | Create | Genoese Crossbowman |
| 21:21 | Create | Genoese Crossbowman |
| 21:25 | Build | House |
| 21:29 | Build | Farm |
| 21:30 | Build | Farm |
| 21:32 | Create | Villager (Male) |
| 21:32 | Create | Villager (Male) |
| 21:43 | Create | Genoese Crossbowman |
| 21:44 | Create | Villager (Male) |
| 21:45 | Create | Villager (Male) |
| 21:49 | Build | Farm |
| 21:53 | Build | Farm |
| 22:01 | Create | Genoese Crossbowman |
| 22:01 | Create | Genoese Crossbowman |
| 22:14 | Create | Villager (Male) |
| 22:18 | Create | Villager (Male) |
| 22:20 | Build | Farm |
| 22:26 | Create | Villager (Male) |
| 22:29 | Create | Villager (Male) |
| 22:29 | Create | Villager (Male) |
| 22:36 | Build | Stone Wall |
| 22:49 | Build | Mill |
| 22:50 | Build | Farm |
| 22:50 | Build | Farm |
| 22:50 | Build | Farm |
| 22:51 | Build | Farm |
| 22:51 | Build | Farm |
| 22:51 | Build | Farm |
| 22:51 | Build | Farm |
| 22:52 | Build | Farm |
| 22:57 | Create | Villager (Male) |
| 22:57 | Create | Villager (Male) |
| 23:04 | Build | Farm |
| 23:13 | Create | Genoese Crossbowman |
| 23:14 | Create | Villager (Male) |
| 23:19 | Build | Farm |
| 23:26 | Build | Farm |
| 23:30 | Research | Wheelbarrow |
| 23:34 | Build | Farm |
| 23:45 | Create | Villager (Male) |
| 23:49 | Create | Mangonel |
Build order — YamatoCannon
First 150 of 346 actions detected
| 0:02 | Create | Villager (Male) |
| 0:02 | Create | Villager (Male) |
| 0:04 | Build | House |
| 0:05 | Build | House |
| 0:17 | Create | Villager (Male) |
| 0:24 | Create | Villager (Male) |
| 1:22 | Create | Villager (Male) |
| 1:22 | Create | Villager (Male) |
| 2:00 | Create | Villager (Male) |
| 2:24 | Build | Lumber Camp |
| 2:30 | Create | Villager (Male) |
| 2:30 | Create | Villager (Male) |
| 2:44 | Build | House |
| 2:45 | Build | House |
| 2:52 | Create | Villager (Male) |
| 2:52 | Create | Villager (Male) |
| 3:29 | Create | Villager (Male) |
| 3:37 | Create | Villager (Male) |
| 3:55 | Build | Mill |
| 4:08 | Create | Villager (Male) |
| 4:08 | Create | Villager (Male) |
| 5:02 | Create | Villager (Male) |
| 5:56 | Create | Villager (Male) |
| 5:57 | Create | Villager (Male) |
| 5:57 | Create | Villager (Male) |
| 6:25 | Create | Villager (Male) |
| 6:27 | Research | Loom |
| 6:37 | Build | House |
| 6:53 | Create | Villager (Male) |
| 6:56 | Create | Villager (Male) |
| 8:10 | Create | Villager (Male) |
| 8:16 | Research | Feudal Age |
| 8:23 | Build | Mining Camp |
| 8:31 | Build | Mining Camp |
| 8:41 | Create | Villager (Male) |
| 8:46 | Research | Loom |
| 11:01 | Age | Feudal Age |
| 11:06 | Build | Market |
| 11:11 | Build | Blacksmith |
| 12:03 | Research | Castle Age |
| 12:04 | Research | Castle Age |
| 12:31 | Build | Farm |
| 12:58 | Build | Farm |
| 13:05 | Build | Farm |
| 13:25 | Research | Double-Bit Axe |
| 13:38 | Build | Farm |
| 14:43 | Age | Castle Age |
| 14:55 | Build | Castle |
| 15:03 | Create | Villager (Male) |
| 15:03 | Create | Villager (Male) |
| 15:12 | Build | Farm |
| 15:31 | Build | Barracks |
| 15:40 | Research | Scale Mail Armor |
| 16:00 | Create | Samurai |
| 16:01 | Create | Samurai |
| 16:01 | Create | Samurai |
| 16:11 | Build | Mining Camp |
| 16:21 | Build | Lumber Camp |
| 16:45 | Research | Squires |
| 16:57 | Build | Farm |
| 17:07 | Create | Samurai |
| 17:07 | Create | Samurai |
| 17:22 | Create | Samurai |
| 17:22 | Create | Samurai |
| 17:39 | Create | Samurai |
| 17:40 | Create | Samurai |
| 17:55 | Build | Farm |
| 17:59 | Build | Farm |
| 18:03 | Build | Farm |
| 18:06 | Create | Villager (Male) |
| 18:06 | Create | Villager (Male) |
| 18:13 | Create | Samurai |
| 18:13 | Create | Samurai |
| 18:41 | Create | Samurai |
| 18:41 | Create | Samurai |
| 18:54 | Build | Mill |
| 18:56 | Build | Farm |
| 18:56 | Build | Farm |
| 18:57 | Build | Farm |
| 18:58 | Build | Farm |
| 19:09 | Create | Samurai |
| 19:09 | Create | Samurai |
| 19:18 | Create | Samurai |
| 19:18 | Create | Samurai |
| 19:24 | Create | Samurai |
| 19:24 | Create | Samurai |
| 19:39 | Create | Samurai |
| 19:40 | Create | Samurai |
| 19:40 | Create | Samurai |
| 19:50 | Create | Samurai |
| 20:01 | Build | House |
| 20:01 | Build | House |
| 20:04 | Create | Villager (Male) |
| 20:04 | Create | Villager (Male) |
| 20:55 | Create | Samurai |
| 20:55 | Create | Samurai |
| 20:55 | Create | Samurai |
| 20:55 | Create | Samurai |
| 21:09 | Research | Horse Collar |
| 21:09 | Research | Horse Collar |
| 21:41 | Build | House |
| 21:47 | Research | Heavy Plow |
| 21:56 | Build | Farm |
| 21:59 | Create | Villager (Male) |
| 22:00 | Create | Villager (Male) |
| 23:20 | Create | Samurai |
| 23:20 | Create | Samurai |
| 23:21 | Create | Samurai |
| 23:25 | Create | Samurai |
| 23:29 | Research | Arson |
| 23:55 | Create | Samurai |
| 24:05 | Create | Samurai |
| 24:05 | Create | Samurai |
| 24:07 | Create | Villager (Male) |
| 24:07 | Create | Villager (Male) |
| 25:00 | Create | Samurai |
| 25:00 | Create | Samurai |
| 25:06 | Build | Farm |
| 25:10 | Build | Farm |
| 25:11 | Create | Villager (Male) |
| 25:27 | Create | Samurai |
| 25:28 | Create | Samurai |
| 25:28 | Create | Samurai |
| 25:37 | Create | Samurai |
| 25:37 | Create | Samurai |
| 25:49 | Build | Farm |
| 25:50 | Build | Farm |
| 25:50 | Build | Farm |
| 25:50 | Build | Farm |
| 25:50 | Build | Farm |
| 26:09 | Create | Samurai |
| 26:09 | Create | Samurai |
| 26:19 | Create | Samurai |
| 26:21 | Create | Villager (Male) |
| 26:46 | Create | Samurai |
| 26:47 | Create | Samurai |
| 26:54 | Create | Villager (Male) |
| 26:55 | Create | Villager (Male) |
| 26:59 | Build | House |
| 27:03 | Build | Farm |
| 27:04 | Build | Farm |
| 27:45 | Create | Samurai |
| 27:46 | Create | Samurai |
| 27:48 | Create | Villager (Male) |
| 27:48 | Create | Villager (Male) |
| 27:52 | Create | Samurai |
| 27:58 | Create | Villager (Male) |
| 27:58 | Create | Villager (Male) |
| 28:36 | Create | Samurai |
| 28:36 | Create | Samurai |
Match timeline
| 9:16 | raffaele_520 · first_building Barracks |
| 9:41 | VIT | Hera · age_up feudal |
| 10:14 | Felida · age_up feudal |
| 10:25 | Vpnenjoyer · age_up feudal |
| 10:33 | daxbordeaux · age_up feudal |
| 10:38 | Wolf Slayer · age_up feudal |
| 10:58 | raffaele_520 · age_up feudal |
| 11:01 | YamatoCannon · age_up feudal |
| 11:49 | FAILEDFEMBOY · age_up feudal |
| 11:57 | YamatoCannon · first_market_sell 100 stone |
| 12:14 | FAILEDFEMBOY · first_building Barracks |
| 12:54 | VIT | Hera · wall_segment Palisade Wall x1 |
| 12:55 | VIT | Hera · wall_segment Palisade Wall x1 |
| 12:57 | VIT | Hera · wall_segment Palisade Wall x1 |
| 12:58 | VIT | Hera · wall_segment Palisade Wall x1 |
| 13:14 | VIT | Hera · age_up castle |
| 13:44 | VIT | Hera · first_building Siege Workshop |
| 14:03 | Vpnenjoyer · age_up castle |
| 14:04 | Felida · age_up castle |
| 14:06 | YamatoCannon · first_market_buy 100 stone |
| 14:33 | Wolf Slayer · age_up castle |
| 14:43 | YamatoCannon · age_up castle |
| 14:50 | Wolf Slayer · first_building Monastery |
| 14:53 | Vpnenjoyer · first_market_buy 100 wood |
| 14:54 | VIT | Hera · first_market_buy 100 wood |
| 14:55 | YamatoCannon · first_building Castle |
| 14:57 | raffaele_520 · age_up castle |
| 15:03 | raffaele_520 · first_market_sell 100 wood |
| 15:09 | raffaele_520 · first_market_buy 100 stone |
| 15:17 | raffaele_520 · first_building Castle |
| 15:31 | YamatoCannon · first_building Barracks |
| 15:40 | raffaele_520 · wall_segment Palisade Wall x1 |
| 16:10 | raffaele_520 · first_building Siege Workshop |
| 16:33 | daxbordeaux · age_up castle |
| 16:35 | FAILEDFEMBOY · age_up castle |
| 17:00 | VIT | Hera · first_market_sell 500 stone |
| 18:36 | FAILEDFEMBOY · first_building Castle |
| 18:52 | daxbordeaux · first_building Barracks |
| 19:18 | Felida · first_building Castle |
| 19:32 | daxbordeaux · first_building Siege Workshop |
| 19:34 | VIT | Hera · tribute_sent a jugador 1 |
| 19:34 | VIT | Hera · tribute_sent a jugador 2 |
| 19:34 | VIT | Hera · tribute_sent a jugador 3 |
| 19:34 | VIT | Hera · tribute_sent a jugador 4 |
| 19:34 | VIT | Hera · tribute_sent a jugador 5 |
| 19:34 | VIT | Hera · tribute_sent a jugador 7 |
| 19:34 | VIT | Hera · tribute_sent a jugador 8 |
| 21:16 | FAILEDFEMBOY · first_building Stable |
| 21:44 | daxbordeaux · first_building Castle |
| 22:15 | daxbordeaux · first_building Stable |
| 22:36 | raffaele_520 · wall_segment Stone Wall x1 |
| 22:39 | Felida · first_building Siege Workshop |
| 23:02 | Wolf Slayer · first_building Castle |
| 23:17 | Vpnenjoyer · first_building Monastery |
| 24:29 | Vpnenjoyer · first_market_sell 100 wood |
| 24:35 | Wolf Slayer · first_building Barracks |
| 25:22 | Vpnenjoyer · first_building Barracks |
| 25:35 | Vpnenjoyer · first_building Castle |
| 25:37 | Wolf Slayer · first_building Stable |
| 25:38 | Felida · first_building Barracks |
| 26:27 | FAILEDFEMBOY · first_market_sell 100 wood |
| 26:47 | Vpnenjoyer · first_building Stable |
| 26:57 | raffaele_520 · first_building Archery Range |
| 27:02 | daxbordeaux · wall_segment Stone Wall x7 |
| 27:16 | Vpnenjoyer · age_up imperial |
| 29:39 | Wolf Slayer · age_up imperial |
| 31:58 | Felida · first_building Archery Range |
| 33:13 | FAILEDFEMBOY · first_building Archery Range |
| 33:46 | VIT | Hera · first_building Castle |
| 34:59 | daxbordeaux · tribute_sent a jugador 1 |
| 34:59 | daxbordeaux · tribute_sent a jugador 2 |
| 34:59 | daxbordeaux · tribute_sent a jugador 4 |
| 34:59 | daxbordeaux · tribute_sent a jugador 5 |
| 34:59 | daxbordeaux · tribute_sent a jugador 6 |
| 34:59 | daxbordeaux · tribute_sent a jugador 7 |
| 34:59 | daxbordeaux · tribute_sent a jugador 8 |
| 34:59 | Felida · age_up imperial |
| 35:29 | FAILEDFEMBOY · age_up imperial |
| 35:56 | Felida · first_building Stable |
| 36:06 | raffaele_520 · wall_segment Stone Wall x3 |
| 36:08 | raffaele_520 · wall_segment Stone Wall x1 |
| 36:08 | raffaele_520 · wall_segment Stone Wall x1 |
| 36:09 | raffaele_520 · wall_segment Stone Wall x1 |
| 36:09 | raffaele_520 · wall_segment Stone Wall x1 |
| 39:31 | FAILEDFEMBOY · tribute_sent a jugador 1 |
| 39:31 | FAILEDFEMBOY · tribute_sent a jugador 3 |
| 39:31 | FAILEDFEMBOY · tribute_sent a jugador 4 |
| 39:31 | FAILEDFEMBOY · tribute_sent a jugador 5 |
| 39:31 | FAILEDFEMBOY · tribute_sent a jugador 6 |
| 39:31 | FAILEDFEMBOY · tribute_sent a jugador 7 |
| 39:31 | FAILEDFEMBOY · tribute_sent a jugador 8 |
| 40:42 | Felida · first_market_buy 100 food |
| 41:20 | VIT | Hera · wall_segment Palisade Wall x1 |
| 41:21 | VIT | Hera · wall_segment Palisade Wall x1 |
| 41:26 | daxbordeaux · age_up imperial |
| 43:07 | Felida · tribute_sent a jugador 1 |
| 43:07 | Felida · tribute_sent a jugador 2 |
| 43:07 | Felida · tribute_sent a jugador 3 |
| 43:07 | Felida · tribute_sent a jugador 4 |
| 43:07 | Felida · tribute_sent a jugador 6 |
| 43:07 | Felida · tribute_sent a jugador 7 |
| 43:07 | Felida · tribute_sent a jugador 8 |
| 43:09 | daxbordeaux · tribute_sent a jugador 1 |
| 43:09 | daxbordeaux · tribute_sent a jugador 2 |
| 43:09 | daxbordeaux · tribute_sent a jugador 4 |
| 43:09 | daxbordeaux · tribute_sent a jugador 5 |
| 43:09 | daxbordeaux · tribute_sent a jugador 6 |
| 43:09 | daxbordeaux · tribute_sent a jugador 7 |
| 43:09 | daxbordeaux · tribute_sent a jugador 8 |
| 43:57 | YamatoCannon · first_building Stable |
| 44:11 | YamatoCannon · age_up imperial |
| 44:37 | VIT | Hera · resign |
[ AI ANALYSIS · 1 CREDIT ]
What really happened in this match?
Wolo.gg analyzes every decision: build order, eco, micro, common mistakes by bracket. Personalized analysis on WhatsApp or Discord in 30 seconds.
Civ guide
Persians
Perfil
Jugador #4796235